 Dungeon Crawl Stone Soup version 0.18.1-48-g4cf74bf (webtiles) character file.

5346 Heedrag the Destroyer (level 10, -1/52 HPs)
             Began as a Deep Elf Conjurer on Aug 17, 2016.
             Was a Priest of Vehumet.
             Killed by divine providence
             ... invoked by an orc priest
              (14 damage)
             ... on level 9 of the Dungeon on Aug 18, 2016.
             The game lasted 00:22:37 (8689 turns).

Heedrag the Destroyer (Deep Elf Conjurer)           Turns: 8689, Time: 00:22:38

Health: -1/52      AC: 11    Str:  8    XL:     10   Next: 38%
Magic:  14/25      EV: 16    Int: 21    God:    Vehumet [***...]
Gold:   473        SH:  3    Dex: 15    Spells: 4 memorised, 16 levels left

rFire  . . .     SeeInvis .     l - +1 short sword (protect)
rCold  . . .     Gourm    .     a - +0 robe
rNeg   . . .     Faith    .     (no shield)
rPois  .         Spirit   .     (helmet restricted)
rElec  .         Dismiss  .     y - +0 cloak
rCorr  .         Reflect  +     e - +0 pair of gloves
SustAt +         Harm     .     S - +0 pair of boots
MR     +....                    q - +3 amulet of reflection
Stlth  ++........               O - ring of sustain attributes
                                o - ring of wizardry

@: somewhat resistant to hostile enchantments, unstealthy
A: antennae 2, rugged brown scales 1, frail 1, wild magic 1, evolution 1
a: Renounce Religion


You were on level 9 of the Dungeon.
You worshipped Vehumet.
Vehumet was most pleased with you.
You were not hungry.

You visited 2 branches of the dungeon, and saw 10 of its levels.

You collected 473 gold pieces.

Inventory:

Hand Weapons
 l - a +1 short sword of protection (weapon)
 u - a +2 dagger of venom
 x - a +4 quarterstaff of chaos
Armour
 a - a +0 robe (worn)
 d - a +0 helmet
 e - a +0 pair of gloves (worn)
 y - a +0 cloak (worn)
 S - a +0 pair of boots (worn)
 T - the +4 scale mail of Waluniu {Int+6}
   (You found it on level 9 of the Dungeon)

   It affects your intelligence (+6).
Jewellery
 o - a ring of wizardry (left hand)
 q - a +3 amulet of reflection (around neck)
 G - an uncursed amulet of faith
 K - an uncursed ring of positive energy
 O - a ring of sustain attributes (right hand)
Wands
 L - a wand of paralysis (14/24)
Scrolls
 h - a scroll of noise
 i - a scroll of magic mapping
 k - 2 scrolls of remove curse
 s - 8 scrolls of identify
 A - 3 scrolls of random uselessness {unknown}
 B - 4 scrolls of fog {unknown}
 D - a scroll of amnesia {unknown}
 F - 2 scrolls of enchant weapon {unknown}
 H - 3 scrolls of teleportation {unknown}
 I - a scroll of immolation {unknown}
 N - a scroll of recharging {unknown}
 P - 3 scrolls of fear {unknown}
 Q - 2 scrolls of enchant armour {unknown}
Potions
 f - 2 potions of agility {unknown}
 g - 4 potions of curing {unknown}
 m - 2 potions of lignification {unknown}
 p - 2 potions of brilliance {unknown}
 r - a potion of heal wounds {unknown}
 t - a potion of magic {unknown}
 w - 2 potions of ambrosia {unknown}
 E - a potion of degeneration {unknown}
 J - a potion of cure mutation {unknown}
Books
 b - a book of Conjurations

   Spells                             Type                      Level
   a - Magic Dart                     Conjuration                  1
   b - Searing Ray                    Conjuration                  2
   c - Dazzling Spray                 Conjuration/Hexes            3
   d - Fulminant Prism                Conjuration/Hexes            4
   e - Iskenderun's Mystic Blast      Conjuration                  4
   f - Iskenderun's Battlesphere      Conjuration/Charms           5
 R - a book of Unlife

   Spells                             Type                      Level
   a - Recall                         Summoning/Translocation      3
   b - Animate Dead                   Necromancy                   4
   c - Control Undead                 Necromancy                   4
   d - Cigotuvi's Embrace             Necromancy                   5
   e - Death Channel                  Necromancy                   6
   f - Simulacrum                     Ice/Necromancy               6
Comestibles
 c - 6 bread rations
 j - 7 meat rations
 n - 6 fruits
 v - a royal jelly
 z - a beef jerky
 C - 4 slices of pizza


   Skills:
 + Level 4.1 Fighting
 + Level 6.3 Dodging
 - Level 2.4 Stealth
 + Level 9.1 Spellcasting
 * Level 11.3 Conjurations
 + Level 8.4 Charms
 + Level 4.0 Fire Magic


You had 16 spell levels left.
You knew the following spells:

 Your Spells              Type           Power        Failure   Level  Hunger
a - Magic Dart            Conj           ####         1%          1    None
b - Iskenderun's Mystic   Conj           ######..     1%          4    ##.....
c - Iskenderun's Battles  Conj/Chrm      ######..     1%          5    #####..
d - Flame Tongue          Conj/Fire      #####        1%          1    None


Dungeon Overview and Level Annotations

Branches:
Dungeon (9/15)             Temple (1/1) D:4            Lair (0/8) D:9
    Orc: D:9-12

Altars:
Ashenzari
Cheibriados
Dithmenos
Elyvilon
Fedhas
Gozag
Kikubaaqudgha
Makhleb
Nemelex Xobeh
Okawaru
Pakellas
Qazlal
Ru
Sif Muna
Trog
Vehumet
Xom
Yredelemnul
Zin
The Shining One

Annotations:
D:8 exclusion: downstairs


Innate Abilities, Weirdness & Mutations

You have a pair of antennae on your head.
You are partially covered in rugged brown scales (AC +1, +3% HP).
You are frail (-10% HP).
Your spells are a little harder to cast, but a little more powerful.
You evolve.


Message History

Ye kill tha hippogriff!
Vehumet accepts yer kill.
Ye feel yer power returnin'.
Yer battlesphere fires!
Tha orc priest hits yer battlesphere wit' a war axe!
Castin': Magic Dart Confirm wit' . or Enter, or press ? or * ta list all spells.
Aimin': Magic Dart
Press: ? - help, Shift-Dir - straight line, f - orc priest
Aim: an orc priest Tha magic dart hits tha orc priest.
Tha orc priest be moderately wounded.
Yer battlesphere fires!
Tha barrage o' energy hits tha orc priest.
Ye kill tha orc priest!
Vehumet accepts yer kill.
Ye feel yer power returnin'.
Tha orc priest mumbles some strange prayers ta Beogh against ye.
Beogh smites ye!
Ye die...

###...#.......#
#..
###.##.....##
#.. #.##.....#
#.# #.##.....#
#.. #.##.....#
#.. #.##.....#
#.########
###.# #@..#
#*### #...o†.#
#.##.#.# #
#.#.# #.. . ###
##


You could see an orc priest and a friendly battlesphere.

Vanquished Creatures
  Erolcha (D:9)
  Prince Ribbit (D:5)
  Grinder (D:3)
  Sigmund (D:3)
  A wyvern (D:9)
  Eustachio (D:5)
  A hippogriff (D:9)
  A hungry ghost (D:8)
  A mottled dragon (D:9)
  Duvessa (D:5)
  An orc warrior (D:8)
  2 sky beasts
  A black bear (D:8)
  An ice beast (D:6)
  3 ogres
  A phantom (D:6)
  2 centaurs
  5 giant frogs
  Dowan (D:5)
  A scorpion (D:8)
  9 killer bees
  2 centaur zombies (D:5)
  A howler monkey (D:7)
  5 crimson imps
  4 hounds
  4 jellies
  A wasp zombie (D:8)
  An orc priest (D:9)
  Crazy Yiuf (D:2)
  2 centaur skeletons (D:7)
  5 orc wizards
  2 giant frog skeletons
  2 iguanas (D:9)
  Ijyb (D:2)
  6 worker ants
  A hound skeleton (D:7)
  A hound zombie (D:7)
  Robin (D:2)
  7 gnolls
  5 adders
  2 shadow imps
  2 oozes
  2 adder skeletons (D:4)
  An adder zombie (D:7)
  A dart slug (D:2)
  12 giant geckos
  22 orcs
  6 giant cockroaches
  12 goblins
  15 hobgoblins
  9 jackals
  3 quokkas
  3 ball pythons
  5 bats
  A giant cockroach zombie (D:5)
  A giant gecko skeleton (D:6)
  3 giant newts
  9 kobolds
  A quokka skeleton (D:6)
  8 rats
207 creatures vanquished.

Vanquished Creatures (others)
  A centaur (D:7)
1 creature vanquished.

Grand Total: 208 creatures vanquished

Notes
Turn   | Place    | Note
--------------------------------------------------------------
     0 | D:1      | Heedrag the Deep Elf Conjurer began the quest for the Orb.
     0 | D:1      | Reached XP level 1. HP: 10/10 MP: 6/6
   177 | D:1      | Reached XP level 2. HP: 15/15 MP: 5/8
   368 | D:1      | Reached skill level 5 in Conjurations
   488 | D:1      | Reached XP level 3. HP: 19/19 MP: 8/10
  1033 | D:2      | Noticed Robin
  1149 | D:2      | Killed Robin
  1156 | D:2      | Reached XP level 4. HP: 24/24 MP: 4/12
  1202 | D:2      | Learned a level 4 spell: Iskenderun's Mystic Blast
  1462 | D:2      | Noticed Ijyb
  1469 | D:2      | Killed Ijyb
  2042 | D:2      | Noticed Crazy Yiuf
  2050 | D:2      | Killed Crazy Yiuf
  2050 | D:2      | Reached skill level 6 in Conjurations
  2225 | D:2      | Reached XP level 5. HP: 28/28 MP: 12/14
  2233 | D:2      | Learned a level 5 spell: Iskenderun's Battlesphere
  2365 | D:3      | Noticed Grinder
  3043 | D:3      | Noticed Sigmund
  3192 | D:4      | Reached skill level 5 in Spellcasting
  3192 | D:4      | Reached skill level 1 in Charms
  3246 | D:4      | Noticed an ogre
  3250 | D:4      | Killed an ogre
  3250 | D:4      | Reached XP level 6. HP: 32/32 MP: 8/16
  3341 | D:4      | Reached skill level 7 in Conjurations
  3449 | D:4      | Found a sacrificial altar of Ru.
  3486 | D:4      | Found a staircase to the Ecumenical Temple.
  3551 | Temple   | Entered the Ecumenical Temple
  3560 | Temple   | Became a worshipper of Vehumet
  3740 | D:4      | Found a glowing silver altar of Zin.
  3925 | D:3      | Killed Grinder
  3925 | D:3      | Reached XP level 7. HP: 36/36 MP: 3/18
  4420 | D:3      | Killed Sigmund
  4420 | D:3      | Reached skill level 8 in Conjurations
  4520 | D:5      | Entered Level 5 of the Dungeon
  4554 | D:5      | Noticed Prince Ribbit
  4560 | D:5      | Reached skill level 1 in Fighting
  4939 | D:5      | Reached * piety under Vehumet
  4939 | D:5      | Offered knowledge of Flame Tongue by Vehumet.
  4940 | D:5      | Found a glowing golden altar of the Shining One.
  4940 | D:5      | Found a snail-covered altar of Cheibriados.
  5060 | D:5      | Found a bloodstained altar of Trog.
  5090 | D:5      | Noticed Dowan
  5096 | D:5      | Killed Dowan
  5097 | D:5      | Noticed Duvessa
  5101 | D:5      | Killed Duvessa
  5101 | D:5      | Reached XP level 8. HP: 23/43 MP: 7/20
  5273 | D:5      | Reached skill level 5 in Charms
  5429 | D:5      | Killed Prince Ribbit
  5506 | D:5      | Noticed Eustachio
  5577 | D:5      | Killed Eustachio
  5577 | D:5      | Reached skill level 9 in Conjurations
  6142 | D:6      | Learned a level 1 spell: Flame Tongue
  6383 | D:6      | Found a sparkling altar of Nemelex Xobeh.
  6423 | D:6      | Found a shadowy altar of Dithmenos.
  6665 | D:7      | Reached XP level 9. HP: 49/49 MP: 15/22
  6672 | D:7      | Offered knowledge of Throw Flame by Vehumet.
  6675 | D:7      | Reached ** piety under Vehumet
  6805 | D:7      | Reached skill level 1 in Fire Magic
  6891 | D:7      | Reached skill level 10 in Conjurations
  7022 | D:7      | Reached skill level 5 in Dodging
  7434 | D:8      | Offered knowledge of Throw Frost by Vehumet.
  7441 | D:8      | Gained mutation: You are partially covered in rugged brown scales (AC +1, +3% HP). [mutagenic meat]
  7442 | D:8      | Gained mutation: You have a pair of small antennae on your head. [mutagenic meat]
  7443 | D:8      | Gained mutation: You are frail (-10% HP). [mutagenic meat]
  7444 | D:8      | Gained mutation: You have a pair of antennae on your head. [mutagenic meat]
  7445 | D:8      | Gained mutation: You evolve. [mutagenic meat]
  7566 | D:8      | Found an oddly glowing altar of Pakellas.
  7610 | D:8      | Gained mutation: Your spells are a little harder to cast, but a little more powerful. [evolution]
  7745 | D:8      | Found a burning altar of Makhleb.
  8036 | D:9      | Reached *** piety under Vehumet
  8297 | D:9      | Noticed Erolcha
  8302 | D:9      | Killed Erolcha
  8302 | D:9      | Reached skill level 11 in Conjurations
  8302 | D:9      | Reached XP level 10. HP: 52/52 MP: 5/24
  8522 | D:9      | Offered knowledge of Stone Arrow by Vehumet.
  8534 | D:9      | Got a heavily runed scale mail
  8535 | D:9      | Identified the +4 scale mail of Waluniu {Int+6} (You found it on level 9 of the Dungeon)
  8635 | D:9      | Found a staircase to the Lair.
  8689 | D:9      | Killed from afar by an orc priest

Skill      XL: |  1  2  3  4  5  6  7  8  9 10 |
---------------+-------------------------------+-----
Conjurations   | 5 6 7 8 9 11 | 11.3
Spellcasting   | 4 5 6 7 8 9 |  9.1
Charms         | 2 3 4 6 8 |  8.4
Fighting       | 1 2 3 4 |  4.1
Dodging        | 3 4 6 |  6.3
Fire Magic     | 3 4 |  4.0
Stealth        | |  2.4

Action                   |  1- 3 |  4- 6 |  7- 9 | 10-12 || total
-------------------------+-------+-------+-------+-------++-------
Melee: Dagger            |    15 |       |     3 |       ||    18
       Short sword       |       |     4 |     3 |       ||     7
 Cast: Magic Dart        |    76 |   124 |   270 |    28 ||   498
       Iskenderun's Myst |       |     2 |     4 |       ||     6
       Iskenderun's Batt |       |     1 |    32 |     6 ||    39
  Use: Scroll            |       |       |     4 |     2 ||     6
  Eat: Chunk             |     1 |     7 |    25 |     3 ||    36
       Pizza             |       |     1 |       |       ||     1
       Beef jerky        |       |       |     1 |       ||     1
Armor: Robe              |     8 |     7 |    26 |     9 ||    50
Dodge: Dodged            |    18 |    20 |    50 |    10 ||    98
Block: Other             |       |     2 |    14 |     2 ||    18
       Reflection        |       |       |     3 |       ||     3
